 Dungeon Crawl Stone Soup version 0.24-a0-333-g864f2b5d03 (webtiles) character file.

Game seed: 12728567392291301625

1442 Roikka the Magician (level 8, -5/56 HPs)
             Began as a Demonspawn Wizard on May 17, 2019.
             Was an Initiate of Kikubaaqudgha.
             Killed by divine providence
             ... invoked by an orc priest
              (10 damage)
             ... on level 5 of the Dungeon.
             The game lasted 00:31:22 (6612 turns).

Roikka the Magician (Demonspawn Wizard)             Turns: 6612, Time: 00:31:22

Health: -5/56      AC:  4    Str:  9    XL:     8   Next: 46%
Magic:  0/15       EV: 27    Int: 21    God:    Kikubaaqudgha [......]
Gold:   262        SH:  0    Dex: 13    Spells: 1/17 levels left

rFire    . . .     SeeInvis .   q - +1 whip (flame)
rCold    . . .     Gourm    .   (no shield)
rNeg     . . .     Faith    .   a - +0 robe
rPois    .         Spirit   +   b - +1 hat
rElec    .         Reflect  .   (no cloak)
rCorr    .         Harm     .   B - +0 pair of gloves
MR       .....                  (no boots)
Stlth    ++........             c - amulet of the acrobat
HPRegen  0.18/turn              (no ring)
MPRegen  0.14/turn              (no ring)

@: about to teleport, acrobat
A: horns 2, thin skeletal structure 1, demonic guardian 1, magic shield
a: Renounce Religion


You were on level 5 of the Dungeon.
You worshipped Kikubaaqudgha.
Kikubaaqudgha was noncommittal.
You were not hungry.

You visited 2 branches of the dungeon, and saw 6 of its levels.

You collected 262 gold pieces.

Inventory:

Hand Weapons
 g - a +0 war axe of electrocution
 q - a +1 whip of flaming (weapon)
Armour
 a - a +0 robe (worn)
 b - a +1 hat (worn)
 B - a +0 pair of gloves (worn)
Jewellery
 c - an amulet of the acrobat (around neck)
 A - an uncursed ring of poison resistance {unknown}
Wands
 k - a wand of enslavement (2)
 v - a wand of polymorph (1)
Scrolls
 e - 4 scrolls of identify
 h - 3 scrolls of remove curse
 i - a scroll of teleportation
 l - 3 scrolls of magic mapping {unknown}
 s - a scroll of blinking {unknown}
 u - a scroll of immolation {unknown}
 w - a scroll of amnesia
 x - a scroll of noise {unknown}
 y - a scroll of enchant weapon {unknown}
Potions
 f - 2 potions of ambrosia {unknown}
 j - 2 potions of brilliance
 m - a potion of agility {unknown}
 n - a potion of flight {unknown}
 o - 2 potions of heal wounds {unknown}
 p - 2 potions of berserk rage {unknown}
 r - 2 potions of curing {unknown}
 t - a potion of degeneration {unknown}
 z - a potion of lignification {unknown}
Comestibles
 d - 9 rations


   Skills:
 + Level 1.9 Fighting
 - Level 1.7 Dodging
 - Level 1.7 Stealth
 + Level 5.1 Spellcasting
 + Level 5.0 Conjurations
 - Level 5.0 Summonings
 + Level 4.2 Necromancy
 + Level 0.9 Translocations
 - Level 2.1 Air Magic
 - Level 2.5 Poison Magic


You had one spell level left.
You knew the following spells:

 Your Spells              Type           Power        Failure   Level  Hunger
a - Magic Dart            Conj           ####         1%          1    None
b - Call Imp              Summ           ####....     1%          2    None
c - Mephitic Cloud        Conj/Pois/Air  ###.....     9%          3    ##.....
d - Blink                 Tloc           N/A          11%         2    None
e - Animate Skeleton      Necr           N/A          1%          1    None
f - Vampiric Draining     Necr           ###.......   5%          3    ##.....
g - Animate Dead          Necr           N/A          19%         4    ####...

Your spell library contained the following spells:

 Spells                   Type           Power        Failure   Level  Hunger
 Pain                     Necr           ###.         1%          1    None
 Conjure Flame            Conj/Fire      ###.....     12%         3    ##.....
 Regeneration             Chrm/Necr      ##........   13%         3    ##.....
 Slow                     Hex            #.......     16%         2    None


Dungeon Overview and Level Annotations

Branches:
Dungeon (5/15)             Temple (1/1) D:4

Altars:
Cheibriados
Elyvilon
Gozag
Hepliaklqana
Kikubaaqudgha
Okawaru
Sif Muna
Uskayaw
Xom
Yredelemnul
The Shining One

Shops:
D:4 [


Innate Abilities, Weirdness & Mutations

You have a pair of horns on your head.
You have a somewhat thin skeletal structure. (Dex +2, Stealth)
A weak demonic guardian rushes to your aid.
When hurt, damage is shared between your health and your magic reserves.


Message History

The puff of flame hits you!
* * * LOW HITPOINT WARNING * * *
There is an open door here.
A magic dart appears from out of thin air!
The magic dart hits you.
* * * LOW HITPOINT WARNING * * *
Your crimson imp blinks!
You close the door.
Something unseen opens the door.
As you read the scroll of teleportation, it crumbles to dust.
You feel strangely unstable.
Your crimson imp disappears in a puff of smoke!
You hear some strange, mumbled words.
A puff of frost appears from out of thin air!
The puff of frost hits something!
Reactivating autopickup.
You feel a bit more experienced.
The orc priest calls down the wrath of Beogh upon you.
Beogh smites you!
You die...
Kikubaaqudgha rasps: "You have failed me!
Welcome... death!"

.....................#....#+####.
'#####...##..........#........#.#
...####'###...o..ยง...#....>...#.#
....#................#.......#.##
....#....##...##o....#.......####
....#....#######o#####...........
...####### #................#'
#### #................#.
#.@..............#.
######.......####.....#. ######
#............#..#.....#.
.....#####.....########..#######'
.....#.........#..............##.
.....#..#......#...............#.
.....#.........#.....##..##(..##.
.....).###.....#.....##..##...##.
.....#.#)#.#...#..........#...##.


You could see an orc priest and an orc.

Vanquished Creatures
  Pikel (D:4)
  Menkaure (D:4)
  A phantom (D:5)
  A sky beast (D:3)
  Dowan (D:4)
  A howler monkey (D:5)
  2 orc priests (D:3)
  An orc wizard (D:3)
  Terence (D:2)
  An iguana (D:5)
  2 worker ants
  A hound skeleton (D:5)
  Robin (D:2)
  2 gnolls (D:4)
  6 adders
  A shadow imp (D:5)
  An ooze (D:2)
  A worm (D:3)
  A dart slug (D:1)
  A leopard gecko (D:4)
  4 orcs
  6 giant cockroaches
  12 goblins
  6 hobgoblins
  3 jackals (D:2)
  2 quokkas
  7 bats
  4 frilled lizards
  6 kobolds
  6 rats
84 creatures vanquished.

Vanquished Creatures (collateral kills)
  Edmund (D:4)
  Duvessa (D:4)
  2 ogres (D:5)
  A hound (D:4)
  An orc priest (D:2)
  Jessica (D:2)
  Ijyb (D:4)
  2 gnolls (D:4)
  4 adders
  An ooze (D:4)
  An adder skeleton (D:4)
  3 worms (D:2)
  A leopard gecko (D:2)
  7 orcs
  A bat (D:1)
  6 goblins (D:2)
  A hobgoblin (D:2)
  4 jackals (D:2)
  A frilled lizard (D:2)
  2 kobolds
42 creatures vanquished.

Vanquished Creatures (others)
  An orc wizard (D:5)
  An ooze (D:4)
  An orc (D:4)
3 creatures vanquished.

Grand Total: 129 creatures vanquished

Notes
Turn   | Place    | Note
-------+----------+-------------------------------------------
     0 | D:1      | Roikka the Demonspawn Wizard began the quest for the Orb.
     0 | D:1      | Reached XP level 1. HP: 13/13 MP: 4/4
   435 | D:1      | Gained mutation: You have a somewhat thin skeletal
                  | structure. (Dex +2, Stealth) [demonic ancestry]
   435 | D:1      | Reached XP level 2. HP: 19/19 MP: 0/6
   579 | D:1      | Learned a level 2 spell: Call Imp
  1340 | D:2      | Gained mutation: You have a pair of small horns on your
                  | head. [demonic ancestry]
  1340 | D:2      | Reached XP level 3. HP: 24/24 MP: 2/7
  1390 | D:2      | Learned a level 3 spell: Mephitic Cloud
  1433 | D:2      | Noticed Jessica
  1433 | D:2      | Noticed Terence
  1465 | D:2      | Killed Jessica
  1476 | D:2      | Killed Terence
  1476 | D:2      | Gained mutation: A weak demonic guardian rushes to your
                  | aid. [demonic ancestry]
  1476 | D:2      | Reached XP level 4. HP: 12/30 MP: 0/9
  1662 | D:2      | Noticed Robin
  1698 | D:2      | Killed Robin
  1745 | D:2      | Learned a level 2 spell: Blink
  3118 | D:2      | Gained mutation: When hurt, damage is shared between your
                  | health and your magic reserves. [demonic ancestry]
  3118 | D:2      | Reached XP level 5. HP: 16/35 MP: 0/10
  4404 | D:3      | Reached XP level 6. HP: 33/41 MP: 5/12
  4602 | D:3      | Noticed a sky beast
  4613 | D:3      | Killed a sky beast
  4713 | D:3      | Found a basalt altar of Yredelemnul.
  4774 | D:3      | Found a white marble altar of Elyvilon.
  4880 | D:4      | Learned a level 1 spell: Animate Skeleton
  4895 | D:4      | Found Suba's Armour Emporium.
  4904 | D:4      | Noticed Duvessa
  4913 | D:4      | Reached skill level 1 in Poison Magic
  4928 | D:4      | Noticed Menkaure
  4955 | D:4      | Killed Menkaure
  4955 | D:4      | Reached skill level 1 in Necromancy
  4955 | D:4      | Reached skill level 1 in Air Magic
  5000 | D:4      | Noticed Dowan
  5003 | D:4      | Killed Duvessa
  5003 | D:4      | Gained mutation: You have a pair of horns on your head.
                  | [demonic ancestry]
  5003 | D:4      | Reached XP level 7. HP: 38/46 MP: 5/13
  5215 | D:4      | Killed Dowan
  5277 | D:4      | Noticed Pikel
  5294 | D:4      | Killed Pikel
  5294 | D:4      | Reached XP level 8. HP: 52/52 MP: 8/15
  5312 | D:4      | Learned a level 3 spell: Vampiric Draining
  5398 | D:4      | Noticed Ijyb
  5422 | D:4      | Killed Ijyb
  5434 | D:4      | Learned a level 4 spell: Animate Dead
  5662 | D:4      | Noticed Edmund
  5699 | D:4      | Killed Edmund
  5769 | D:4      | Found a staircase to the Ecumenical Temple.
  5776 | Temple   | Entered the Ecumenical Temple
  5798 | Temple   | Became a worshipper of Kikubaaqudgha
  5911 | D:5      | Entered Level 5 of the Dungeon
  5953 | D:5      | Reached skill level 1 in Fighting
  6107 | D:5      | Reached skill level 5 in Spellcasting
  6310 | D:5      | Found a hide-covered altar of Uskayaw.
  6513 | D:5      | Reached skill level 5 in Conjurations
  6545 | D:5      | Reached skill level 5 in Summonings
  6612 | D:5      | Killed from afar by an orc priest

Levels and vault maps discovered:
D:1:      shiori_arrival_maze, layout_loops_ring, minmay_misc_feat_square,
          minmay_pentomino_z2
D:2:      layout_basic, kennysheep_generic_room_10, uniq_jessica, uniq_terence,
          uniq_robin
D:3:      layout_rooms, kennysheep_ying_yang
D:4:      layout_cave_pools, minmay_temple_entry_nine_rooms, serial_shops, shop,
          first_ration, uniq_edmund, uniq_ijyb, uniq_duvessa, uniq_pikel,
          uniq_menkaure
D:5:      layout_gridville, old_standard_altar, corexii_checkpoint_a,
          grunt_decor_resistance, minmay_fractal_squares_5
Temple:   regret_index_temple_mists

Skill      XL: |  1  2  3  4  5  6  7  8 |
---------------+-------------------------+-----
Conjurations   | 2 3 4 5 |  5.0
Summonings     | 2 3 4 5 |  5.0
Spellcasting   | 4 5 |  5.1
Poison Magic   | 1 2 |  2.5
Necromancy     | 1 3 4 |  4.2
Air Magic      | 1 2 |  2.1
Fighting       | 1 |  1.9
Dodging        | |  1.7
Stealth        | |  1.7
Translocations | |  0.9

Action                   |  1- 3 |  4- 6 |  7- 9 || total
-------------------------+-------+-------+-------++-------
Melee: Unarmed           |    15 |       |    13 ||    28
       Short sword       |    14 |    24 |       ||    38
       Dagger            |     6 |       |       ||     6
       Headbutt          |     2 |     6 |    11 ||    19
       War axe           |       |    35 |    10 ||    45
       Whip              |       |       |    49 ||    49
 Cast: Magic Dart        |    46 |    74 |    29 ||   149
       Call Imp          |     4 |    30 |    19 ||    53
       Animate Skeleton  |       |       |     5 ||     5
       Animate Dead      |       |       |     1 ||     1
  Use: Scroll            |       |     7 |     1 ||     8
 Stab: Sleeping          |     5 |     3 |     3 ||    11
       Distracted        |       |     2 |     2 ||     4
  Eat: Chunk             |     2 |    11 |     6 ||    19
Armor: Robe              |     5 |    16 |    14 ||    35
Dodge: Dodged            |    28 |    59 |    49 ||   136

Table legend:
 A = Non-vault XP
 B = Vault XP
 C = Vault XP percentage of total XP
 D = Non-vault monster count
 E = Vault monster count
 F = Vault count percentage of total count
                 A         B        C        D         E       F
            +---------+---------+-------+---------+---------+-------
      Total |     885 |    1176 |  57.1 |     103 |      24 |  18.9
            +---------+---------+-------+---------+---------+-------
        D:1 |      25 |       5 |  16.7 |      16 |       3 |  15.8
        D:2 |     134 |      76 |  36.2 |      33 |      14 |  29.8
        D:3 |     264 |       0 |   0.0 |      24 |       0 |   0.0
        D:4 |     140 |     985 |  87.6 |      18 |       6 |  25.0
        D:5 |     322 |     110 |  25.5 |      12 |       1 |   7.7
            +---------+---------+-------+---------+---------+-------
